 Dungeon Crawl Stone Soup version 0.27-a0-1123-g2f9bb313c0 (webtiles) character file.

Game seed: 3715899196572549006

76 Zeld the Skirmisher (level 4, -22/33 HPs)
             Began as an Octopode Fighter on May 4, 2021.
             Annihilated by an ogre
             ... wielding a +0 giant spiked club
              (33 damage)
             ... on level 3 of the Dungeon.
             The game lasted 00:03:24 (1407 turns).

Zeld the Skirmisher (Octopode Fighter)              Turns: 1407, Time: 00:03:25

Health: -22/33     AC:  1    Str: 16    XL:     4   Next: 32%
Magic:  4/4        EV: 11    Int: 10    God:
Gold:   81         SH: 14    Dex: 11    Spells: 3/3 levels left

rFire    . . .     SeeInvis .   a - +0 war axe
rCold    . . .     Faith    .   b - +0 kite shield
rNeg     . . .     Spirit   .   (helmet restricted)
rPois    .         Reflect  +   e - amulet of reflection
rElec    .         Harm     .   (no ring)
rCorr    .         Rampage  .   (no ring)
Will     .....                  (no ring)
Stlth    ++........             (no ring)
HPRegen  0.11/turn              (no ring)
MPRegen  0.09/turn              (no ring)
                                (no ring)
                                (no ring)

@: no status effects
A: almost no armour, amphibious, 8 rings, camouflage 1, gelatinous body 1,
(nimble swimmer 1), tentacles
a: no special abilities


You were on level 3 of the Dungeon.
You visited 1 branch of the dungeon, and saw 3 of its levels.

You collected 81 gold pieces.

Inventory:

Hand Weapons
 a - a +0 war axe (weapon)
Missiles
 k - 18 poisoned darts (quivered)
Armour
 b - a +0 kite shield (worn)
Jewellery
 e - an amulet of reflection (around mantle)
Scrolls
 d - a scroll of fear {unknown}
 g - 2 scrolls of blinking {unknown}
 h - a scroll of noise {unknown}
 i - 3 scrolls of identify {unknown}
Potions
 c - 2 potions of might
 f - 2 potions of berserk rage {unknown}
 j - a potion of ambrosia {unknown}


   Skills:
 - Level 3.7 Fighting
 - Level 2.8 Axes
 * Level 1.0 Throwing
 - Level 3.0 Dodging
 - Level 3.7 Shields


You had 3 spell levels left.
You didn't know any spells.
Your spell library was empty.

Dungeon Overview and Level Annotations

Branches:
Dungeon (2/15)

Altars:


Innate Abilities, Weirdness & Mutations

You cannot wear most types of armour.
You are amphibious.
You can wear up to eight rings at the same time.
Your skin changes colour to match your surroundings (Stealth+).
Your rubbery body absorbs attacks. (AC +1, EV +1)
((You are camouflaged near water. (Stealth+)))
You have tentacles for arms and can constrict up to eight enemies at once.


Message History

You kill the orc!
You slash the goblin!
You kill the goblin!
You block the kobold's attack.
Unknown command.
You closely miss the orc. Your grab misses the orc. You squeeze the orc!
You kill the orc!
You hit the kobold but do no damage. You block the kobold's attack.
You block the ball python's attack. The ball python misses you.
You block the kobold's attack.
Unknown command.
You closely miss the kobold. Your grab misses the kobold.
You barely miss the ball python. You block the ball python's attack. x2
You block the kobold's attack. The ball python bites you.
The ball python grabs you. The ball python constricts you.
You closely miss the ball python. Your grab misses the ball python.
You hit the kobold.
You kill the kobold!
You block the ball python's attack. The ball python constricts you.
You block the ball python's attack. The ball python constricts you.
Unknown command.
You slash the ball python!
You kill the ball python!
You hit the ogre. You block the ogre's attack. You block the orc's attack.
Your Throwing skill increases to level 1!
Unknown command.
You slash the ogre! You squeeze the ogre!
The ogre is almost dead.
You barely miss the orc.
The ogre hits you with a +0 giant spiked club!
The orc hits you with a +0 falchion. You block the ogre's attack.
You are too injured to fight recklessly!
Unknown command.
You hit the ogre.
The ogre is almost dead.
You hit the orc but do no damage. The orc hits you but does no damage.
The orc misses you.
The ogre hits you with a +0 giant spiked club!!
Ouch! That really hurt!
You die...

#...............#
############....#
#....+ #....#
#....+ #wgg.#
##gg.# #O#.#
#@#.# #o#..
oo..## .....
#...... ######..
... ...


You could see an ogre, a worm, 3 orcs and 4 goblins.

Vanquished Creatures
  An iguana (D:2)
  2 orcs (D:3)
  4 ball pythons
  7 endoplasms
  2 giant cockroaches (D:2)
  5 goblins
  3 hobgoblins
  5 jackals
  5 bats
  4 frilled lizards (D:1)
  4 kobolds
42 creatures vanquished.

Notes
Turn   | Place    | Note
-------+----------+-------------------------------------------
     0 | D:1      | Zeld the Octopode Fighter began the quest for the Orb.
     0 | D:1      | Reached XP level 1. HP: 16/16 MP: 1/1
   222 | D:1      | Reached XP level 2. HP: 21/21 MP: 2/2
   519 | D:1      | Reached XP level 3. HP: 19/26 MP: 3/3
  1035 | D:2      | Reached XP level 4. HP: 31/33 MP: 4/4
  1286 | D:2      | You fall into a shaft and drop 1 floor!
  1374 | D:3      | Noticed an ogre
  1406 | D:3      | Reached skill level 1 in Throwing
  1407 | D:3      | Annihilated by an ogre

Illustrated notes

Levels and vault maps discovered:
D:1:      heliophobic_arrival_battle_scene, layout_rooms, minmay_tiny_reverse_x
D:2:      layout_rooms, basic_altar
D:3:      layout_basic, minmay_ogre_servants, uniq_crazy_yiuf_cottage

Skill      XL: |  1  2  3  4 |
---------------+-------------+-----
Throwing       | 1 |  1.0
Fighting       | |  3.7
Axes           | |  2.8
Dodging        | |  3.0
Shields        | |  3.7

Action                   |  1- 3 |  4- 6 || total
-------------------------+-------+-------++-------
Melee: War axe           |    47 |    16 ||    63
       Constrict         |    11 |     6 ||    17
       Tentacles         |     7 |     6 ||    13
 Stab: Sleeping          |     6 |     3 ||     9
Armor: Skin              |     2 |     1 ||     3
Dodge: Dodged            |    21 |     5 ||    26
Block: Kite shield       |    27 |    22 ||    49

Table legend: (Time is in decaauts)
 A = Elapsed time spent in this place.
 B = Non-inter-level travel time spent in this place.
 C = Inter-level travel time spent in this place.
 D = Time resting spent in this place.
 E = Time spent auto-exploring this place.
 F = Levels seen in this place.
 G = Mean time per level.
                   A        B        C        D        E       F      G
               +--------+--------+--------+--------+--------+-----+--------+
         Total |   1444 |   1434 |     10 |      0 |   1170 |   3 |  481.3 |
       Dungeon |   1444 |   1434 |     10 |      0 |   1170 |   3 |  481.3 |
               +--------+--------+--------+--------+--------+-----+--------+

Top non-repeatable levels by time:
     D:1: 700 daAuts
     D:2: 618 daAuts
     D:3: 126 daAuts
